 Dungeon Sprint DCSS version 0.30-a0-721-ga6a225cb13 (webtiles) character file.

Game seed: 2284948298240930001

70 theswoord the Twirler (level 4, -1/38 HPs)
             Began as a Demonspawn Gladiator on Jan 27, 2023.
             Slain by an iguana (10 damage)
             ... in the Dungeon (Sprint IX: "|||||||||||||||||||||||||||||").
             The game lasted 00:00:39 (39 turns).

theswoord the Twirler (Demonspawn Gladiator)          Turns: 39, Time: 00:00:40

Health: -1/38      AC:  4    Str: 14    XL:     4   Next: 4%
Magic:  4/4        EV: 12    Int: 10    God:
Gold:   0          SH:  0    Dex: 16    Spells: 3/3 levels left

rFire   . . .      SeeInvis .    a - +0 quarterstaff
rCold   . . .      Faith    .    (shield currently unavailable)
rNeg    . . .      Spirit   .    b - +0 leather armour
rPois   .          Reflect  .    c - +0 helmet
rElec   .          Harm     .    (no cloak)
rCorr   .          Rampage  .    (no gloves)
Will    .....      NoTele   +    (no boots)
Stlth   +                        (no amulet)
HPRegen 0.26/turn                (no ring)
MPRegen 0.09/turn                (no ring)

@: hasted, very quick
A: foul stench 1, weakness stinger 2
a: no special abilities


You were in the Dungeon.
You visited 1 branch

Inventory:

Hand Weapons
 a - a +0 quarterstaff (weapon)
Missiles
 d - 3 throwing nets (quivered)
 e - a javelin
Armour
 b - a +0 leather armour (worn)
 c - a +0 helmet (worn)
Scrolls
 k - a scroll of blinking
Potions
 g - a potion of heal wounds
 i - 2 potions of magic
 j - a potion of berserk rage


   Skills:
 + Level 4.4 Fighting
 * Level 6.8 Staves
 - Level 1.7 Throwing
 - Level 2.6 Dodging


You had 3 spell levels left.
You didn't know any spells.
Your spell library was empty.

Dungeon Overview and Level Annotations

Branches:
Dungeon (1/1)

Altars:


Innate Abilities, Weirdness & Mutations

You may rarely emit foul miasma when damaged in melee.
You have a tail ending in a sharp stinger.


Message History

You feel monstrous as your demonic heritage exerts itself.
Your demonic ancestry asserts itself...
You grow a small tail.
The scorpion stings you.
* * * LOW HITPOINT WARNING * * *
You are poisoned.
The scorpion poisons you!
You sock the scorpion!
You feel sick. The scorpion barely misses you.
You hit the scorpion.
You feel sick. The scorpion stings you.
* * * LOW HITPOINT WARNING * * *
Unknown command.
You hit the scorpion but do no damage. The scorpion misses you.
You feel better.
You barely miss the scorpion.
Your tail-slap misses the scorpion.
The scorpion stings you.
* * * LOW HITPOINT WARNING * * *
You barely miss the scorpion.
Your tail-slap misses the scorpion.
The scorpion stings you.
* * * LOW HITPOINT WARNING * * *
You hit the scorpion.
You kill the scorpion!
Your Fighting skill gained 2 levels and is now at level 4!
Your Staves skill gained 2 levels and is now at level 6!
You have reached level 3!
Your experience leads to an increase in your attributes!
Increase (S)trength, (I)ntelligence, or (D)exterity?
You feel agile. x2; Your demonic ancestry asserts itself...
Your tail grows a sharp stinger.
You have reached level 4!
You feel clever.
Your demonic ancestry asserts itself...
You begin to emit a foul stench of rot and decay.
You hit the quokka. The quokka closely misses you.
You sock the quokka!
You kill the quokka!
You hit the iguana but do no damage. You tail-slap the iguana.
The iguana bites you.
* * * LOW HITPOINT WARNING * * *
You hit the iguana but do no damage.
Your tail-slap misses the iguana.
You hit the iguana. The iguana bites you!
You die...

▓+▓
▓.▓
▓.▓
▓O▓
▓l▓
▓@▓
▓'▓
▓.▓
▓.▓
▓.▓
▓.▓
▓.▓
▓)▓
▓.▓


You could see an ogre and an iguana.

Vanquished Creatures
  A scorpion (D)
  A white imp (D)
  2 endoplasms (D)
  A goblin (D)
  A jackal (D)
  A quokka (D)
  A bat (D)
8 creatures vanquished.

Notes
Turn   | Place    | Note
-------+----------+-------------------------------------------
     0 | D        | theswoord the Demonspawn Gladiator began the quest for the
                  | Orb.
     0 | D        | Reached XP level 1. HP: 16/16 MP: 1/1
     7 | D        | Reached skill level 3 in Staves
    10 | D        | Reached skill level 4 in Staves
    22 | D        | Noticed an ogre
    22 | D        | Noticed an iguana
    22 | D        | Noticed a scorpion
    27 | D        | Discovered your monstrous ancestry.
    27 | D        | Gained mutation: You have a small tail. [demonic ancestry]
    27 | D        | Reached XP level 2. HP: 14/23 MP: 2/2
    34 | D        | Killed a scorpion
    35 | D        | Reached skill level 6 in Staves
    35 | D        | Gained mutation: You have a tail ending in a sharp stinger.
                  | [demonic ancestry]
    35 | D        | Reached XP level 3. HP: 8/31 MP: 3/3
    35 | D        | Gained mutation: You may rarely emit foul miasma when
                  | damaged in melee. [demonic ancestry]
    35 | D        | Reached XP level 4. HP: 9/38 MP: 4/4
    39 | D        | Slain by an iguana

Skill      XL: |  1  2 |
---------------+-------+-----
Staves         | 4 6 |  6.8
Fighting       | 4 |  4.4
Throwing       | |  1.7
Dodging        | |  2.6

Action                     |  1- 3 |  4- 6 || total
---------------------------+-------+-------++-------
  Melee: Quarterstaff      |    20 |     5 ||    25
         Tailslap          |       |     1 ||     1
    Use: Potion            |     2 |       ||     2
 Armour: Leather armour    |     4 |       ||     4
  Dodge: Dodged            |    14 |     1 ||    15

Levels and vault maps discovered:
D:        linesprint [early_d, line_temple, items_1, d_10, items_2, lair_1,
          lair_end, items_3, orc_1, orc_end, items_4, d_15, swamp_1, shoals_1,
          snake_1, spider_1, d_20, vaults_1, items_5, swamp_end, shoals_end,
          snake_end, spider_end, vaults_end, d_27, items_6, zot_1, zot_end,
          crypt_end, forest_end, elf_end, slime_end, tomb_end, abyss_end,
          pan_hell_end]
